Map: 2000 Atmospheres LE

Players

MaSa

  • Race: Terran Terran

Neeb - Winner!

  • Race: Protoss Protoss

Event: DreamHack SC2 Masters 2021 Summer

VOD

Have the link to the VOD?

Description

Time

  • Played on: May 27, 2021, 6:04 p.m.
  • Length: 4:56

All games in this series

Show
View Real Time Build Order
Export as new Build Order

MaSa Terran 

Build Orders:  

Get SALT Encoding   

  12  0:00  SCV  
  13  0:12  SCV  
  14  0:16  Supply Depot  
  14  0:24  SCV  
  15  0:38  SCV  
  15  0:40  Barracks  
  16  0:44  Refinery  
  16  0:50  SCV  
  17  1:02  SCV  
  18  1:14  SCV  
  19  1:27  Orbital Command, Marine  
  20  1:39  Command Center  
  20  1:45  Barracks Reactor  
  20  1:53  SCV  
  21  1:55  Supply Depot  
  21  2:05  SCV  
  22  2:16  Bunker  
  22  2:17  SCV  
  23  2:26  Command Center  
  23  2:29  SCV  
  24  2:32  Marine x2  
  26  2:41  Barracks  
  26  2:50  Marine x2  
  27  2:52  SCV  
  28  2:58  Barracks  
  28  3:07  Orbital Command, SCV  
  28  3:10  Marine  
  27  3:21  Marine  
  27  3:22  SCV  
  28  3:28  Marine  
  28  3:29  Engineering Bay  
  28  3:30  Barracks Tech Lab  
  28  3:33  SCV  
  30  3:34  SCV  
  30  3:39  Marine  
  32  3:41  Orbital Command  
  32  3:46  Barracks Tech Lab, Marine  
  32  3:48  SCV  
  34  3:55  Marine  
  34  4:04  Marine  
  34  4:06  Missile Turret  
  34  4:07  Marine  
  33  4:13  SCV x2, Marine  
  33  4:22  Marine  
  30  4:24  Marine  
  30  4:30  SCV  
  28  4:31  Marine  
Show
View Real Time Build Order
Export as new Build Order

Neeb Protoss - Winner!

Build Orders: 1 Gate Expand, Oracle Opening 

Get SALT Encoding   

  12  0:00  Probe  
  13  0:12  Probe  
  14  0:19  Pylon  
  14  0:24  Probe  
  15  0:37  Probe (Chrono Boost)  
  15  0:38  Gateway  
  16  0:46  Probe (Chrono Boost), Assimilator  
  17  0:51  Probe (Chrono Boost)  
  18  1:03  Probe  
  19  1:15  Probe  
  20  1:26  Cybernetics Core  
  20  1:35  Nexus  
  20  1:39  Probe  
  21  1:43  Pylon  
  21  1:51  Probe  
  21  1:52  Assimilator  
  22  1:59  Adept (Chrono Boost)  
  22  2:03  Probe  
  25  2:11  Pylon  
  25  2:15  Probe  
  26  2:19  Adept (Chrono Boost)  
  28  2:27  Probe  
  28  2:29  Stargate  
  29  2:35  Warp Gate  
  29  2:40  Probe  
  30  2:48  Adept  
  32  2:52  Probe  
  32  2:53  Probe  
  32  2:58  Shield Battery  
  34  3:02  Shield Battery, Void Ray  
  34  3:04  Probe  
  35  3:07  Probe  
  38  3:21  Probe (Chrono Boost)  
  38  3:22  Probe (Chrono Boost)  
  40  3:33  Probe (Chrono Boost)  
  42  3:37  Probe (Chrono Boost), Shield Battery  
  42  3:39  Probe (Chrono Boost)  
  43  3:43  Oracle  
  43  3:44  Probe  
  47  3:49  Probe  
  48  3:56  Probe  
  47  4:04  Probe (Chrono Boost)  
  47  4:09  Robotics Facility  
  49  4:11  Probe (Chrono Boost)  
  49  4:16  Probe (Chrono Boost)  
  50  4:18  Assimilator  
  50  4:19  Assimilator  
  50  4:24  Probe x2 (Chrono Boost)  
  52  4:31  Probe  
Tags
 
Add a new tag
Caveats
  • Supply blocks, unpowered buildings, or Contaminate may cause inaccurate times.
  • Supply counts are checked every 10 seconds.